 Dungeon Crawl Stone Soup version 0.26.1-2-gb8aa6d0cf2 (webtiles) character file.

Game seed: 2343495510960684832

14 promet the Magician (level 2, 0/20 HPs)
             Began as a Gnoll Hedge Wizard on Mar 20, 2021.
             Slain by a leopard gecko (5 damage)
             ... on level 1 of the Dungeon on Mar 21, 2021.
             The game lasted 00:04:25 (504 turns).

promet the Magician (Gnoll Hedge Wizard)             Turns: 504, Time: 00:04:27

Health: 0/20       AC:  3    Str: 12    XL:     2   Next: 45%
Magic:  7/10       EV: 14    Int: 16    God:
Gold:   0          SH:  0    Dex: 14    Spells: 14/15 levels left

rFire    . . .     SeeInvis .   h - +0 short sword
rCold    . . .     Faith    .   (no shield)
rNeg     . . .     Spirit   .   e - +0 leather armour (curse)
rPois    .         Reflect  .   c - +0 hat
rElec    .         Harm     .   (no cloak)
rCorr    .         Rampage  .   (no gloves)
Will     .....                  (no boots)
Stlth    ++........             (no amulet)
HPRegen  0.06/turn              (no ring)
MPRegen  0.12/turn              (no ring)

@: no status effects
A: distributed training, fangs 1, strong nose
a: no special abilities


You were on level 1 of the Dungeon.
You visited 1 branch of the dungeon, and saw 1 of its levels.

Inventory:

Hand Weapons
 a - a +0 dagger
 h - a +0 short sword (weapon)
Missiles
 g - a stone
Armour
 b - a +0 robe
 c - a +0 hat (worn)
 d - a cursed -2 chain mail
 e - a cursed +0 leather armour (worn)
Scrolls
 i - a scroll of enchant armour {unknown}
Potions
 f - a potion of flight


   Skills:
 + Level 0.4 Fighting
 + Level 0.4 Short Blades
 + Level 0.4 Long Blades
 + Level 0.4 Axes
 + Level 0.4 Maces & Flails
 + Level 0.4 Polearms
 + Level 0.4 Staves
 + Level 0.4 Slings
 + Level 0.4 Bows
 + Level 0.4 Crossbows
 + Level 0.4 Throwing
 + Level 0.4 Armour
 + Level 4.5 Dodging
 + Level 4.1 Stealth
 + Level 0.4 Shields
 + Level 0.4 Unarmed Combat
 + Level 7.1 Spellcasting
 + Level 2.0 Conjurations
 + Level 0.2 Hexes
 + Level 2.0 Summonings
 + Level 0.2 Necromancy
 + Level 2.0 Translocations
 + Level 0.2 Transmutations
 + Level 0.2 Fire Magic
 + Level 0.2 Ice Magic
 + Level 0.2 Air Magic
 + Level 0.2 Earth Magic
 + Level 0.2 Poison Magic
 + Level 0.5 Invocations
 + Level 0.4 Evocations


You had 14 spell levels left.
You knew the following spells:

 Your Spells              Type           Power        Failure   Level
a - Magic Dart            Conj           48%          7%          1

Your spell library contained the following spells:

 Spells                   Type           Power        Failure   Level
 Blink                    Tloc           N/A          10%         2
 Call Imp                 Summ           12%          10%         2
 Slow                     Hex            6%           22%         2
 Conjure Flame            Conj/Fire      9%           28%         3
 Mephitic Cloud           Conj/Pois/Air  8%           32%         3


Dungeon Overview and Level Annotations

Branches:
Dungeon (1/15)

Altars:


Innate Abilities, Weirdness & Mutations

Your experience applies equally to all skills.
You have very sharp teeth.
Your uncanny sense of smell can sniff out nearby items.


Message History

The bat misses you. The gnoll closely misses you.
Casting: Magic Dart (safe; 7% risk of failure)
Confirm with . or Enter, or press ? or * to list all spells.
Aiming: Magic Dart (safe; 7% risk of failure)
Press: ? - help, Shift-Dir - straight line, f/p - gnoll
Aim: a gnoll, wielding a +0 halberd (severely wounded, 0% to evade)
The magic dart hits the bat.
You kill the bat!
The gnoll hits you from afar with a +0 halberd!
Ouch! That really hurt!
* * * LOW HITPOINT WARNING * * *
Casting: Magic Dart (safe; 7% risk of failure)
Confirm with . or Enter, or press ? or * to list all spells.
Aiming: Magic Dart (safe; 7% risk of failure)
Press: ? - help, Shift-Dir - straight line, f/p - gnoll
Aim: a gnoll, wielding a +0 halberd (severely wounded, 0% to evade)
The magic dart hits the gnoll.
The gnoll is severely wounded.
The leopard gecko bites you.
You die...

### ..# ## #.# .. #.# #. #.#
#.###.########## .#.
#.#............#
.....#.#.#.########.#
......gl@#.# #.# ....##.###.#
#.# . ... ..# #.# ## ..#.#
##########.# .# ∆ ... ..
.....>....# .####
#.#################..# ....#
##.........# #..#
....###........#.# #..#
.)....#.######.#.#########..#


You could see a gnoll and a leopard gecko.

Vanquished Creatures
  A leopard gecko (D:1)
  3 goblins (D:1)
  3 hobgoblins (D:1)
  3 bats (D:1)
  A kobold (D:1)
  2 rats (D:1)
13 creatures vanquished.

Notes
Turn   | Place    | Note
-------+----------+-------------------------------------------
     0 | D:1      | promet the Gnoll Hedge Wizard began the quest for the Orb.
     0 | D:1      | Reached XP level 1. HP: 13/13 MP: 8/8
   127 | D:1      | Reached XP level 2. HP: 19/19 MP: 5/10
   504 | D:1      | Slain by a leopard gecko

Illustrated notes

Levels and vault maps discovered:
D:1:      amcnicky_arrival_feature_with_door, layout_basic

Skill      XL: |  1 |
---------------+----+-----
Conjurations   | 2 |  2.0
Summonings     | 2 |  2.0
Translocations | 2 |  2.0
Fighting       | |  0.4
Short Blades   | |  0.4
Long Blades    | |  0.4
Axes           | |  0.4
Maces & Flails | |  0.4
Polearms       | |  0.4
Staves         | |  0.4
Slings         | |  0.4
Bows           | |  0.4
Crossbows      | |  0.4
Throwing       | |  0.4
Armour         | |  0.4
Dodging        | |  4.5
Stealth        | |  4.1
Shields        | |  0.4
Unarmed Combat | |  0.4
Spellcasting   | |  7.1
Hexes          | |  0.2
Necromancy     | |  0.2
Transmutations | |  0.2
Fire Magic     | |  0.2
Ice Magic      | |  0.2
Air Magic      | |  0.2
Earth Magic    | |  0.2
Poison Magic   | |  0.2
Invocations    | |  0.5
Evocations     | |  0.4

Action                   || total
-------------------------++-------
Melee: Dagger            ||    12
       Bite              ||     2
       Short sword       ||     2
 Cast: Magic Dart        ||    23
  Use: Potion            ||     1
 Stab: Sleeping          ||     1
Armor: Leather armour    ||     2
       Robe              ||     1
Dodge: Dodged            ||    18
